 Dungeon Crawl Stone Soup version 0.27.1 (webtiles) character file.

Game seed: 13346211686075842277

10137 bnorton916 the Destroyer (level 11, -14/54 HPs)
             Began as a Deep Elf Conjurer on Sept 2, 2021.
             Was a Believer of Vehumet.
             Demolished by a boulder beetle (53 damage)
             ... on level 7 of the Dungeon.
             The game lasted 00:21:54 (14154 turns).

bnorton916 the Destroyer (Deep Elf Conjurer)       Turns: 14154, Time: 00:21:55

Health: -14/54     AC: 10    Str: 15    XL:     11   Next: 32%
Magic:  7/21       EV: 13    Int: 29    God:    Vehumet [**....]
Gold:   313        SH:  0    Dex: 19    Spells: 9/21 levels left

rFire    + . .     SeeInvis .   u - +5 rapier of Destiny {speed, rF+ Str+4 Stlth+}
rCold    . . .     Faith    .   (no shield)
rNeg     . . .     Spirit   .   L - +0 acid dragon scales
rPois    .         Reflect  .   y - +1 helmet {Int+3}
rElec    .         Harm     .   (no cloak)
rCorr    +         Rampage  .   (no gloves)
Will     +....                  (no boots)
Stlth    +++.......             (no amulet)
HPRegen  0.18/turn              i - +6 ring of strength
MPRegen  0.17/turn              w - +6 ring of dexterity

@: no status effects
A: no striking features
a: Renounce Religion


You were on level 7 of the Dungeon.
You worshipped Vehumet.
Vehumet was pleased with you.
You visited 2 branches of the dungeon, and saw 12 of its levels.

You collected 523 gold pieces.
You spent 210 gold pieces at shops.

Inventory:

Hand Weapons
 u - the +5 rapier of Destiny (weapon) {speed, rF+ Str+4 Stlth+}
   (You found it on level 5 of the Dungeon)

   Attacks with this weapon are significantly faster.
   Str:       It affects your strength (+4).
   rF:        It protects you from fire.
   Stlth:     It makes you more stealthy.
Missiles
 c - a throwing net
 l - 177 stones
Armour
 q - a +0 leather armour of fire resistance
 t - a +1 robe of willpower
 y - a +1 helmet of intelligence (worn)
 L - +0 acid dragon scales (worn)
Magical Staves
 M - a staff of air
Jewellery
 a - a ring of protection from fire
 i - a +6 ring of strength (left hand)
 w - a +6 ring of dexterity (right hand)
 N - a ring of see invisible
Wands
 m - a wand of digging (5)
 s - a wand of mindburst (22)
 A - a wand of flame (38)
 J - a wand of paralysis (13)
Scrolls
 b - 3 scrolls of vulnerability
 d - 3 scrolls of brand weapon
 g - 3 scrolls of amnesia
 h - 2 scrolls of noise {unknown}
 x - 4 scrolls of teleportation
 B - 2 scrolls of blinking {unknown}
 D - a scroll of enchant weapon
 E - a scroll of fear
Potions
 e - 2 potions of curing
 j - 2 potions of haste {unknown}
 k - 2 potions of heal wounds {unknown}
 n - 2 potions of brilliance
 o - a potion of invisibility {unknown}
 p - 3 potions of degeneration
 r - 2 potions of attraction {unknown}
 v - 2 potions of ambrosia
 z - a potion of cancellation {unknown}
 C - 2 potions of flight {unknown}
 G - 2 potions of lignification {unknown}
 I - 3 potions of mutation {unknown}
 K - a potion of berserk rage {unknown}


   Skills:
 - Level 8.7 Armour
 + Level 4.1 Dodging
 - Level 2.4 Stealth
 - Level 5.8 Spellcasting
 + Level 12.9 Conjurations
 - Level 6.7 Hexes
 - Level 6.0 Translocations


You had 9 spell levels left.
You knew the following spells:

 Your Spells              Type           Power      Damage    Failure   Level
a - Magic Dart            Conj           100%       1d8       1%          1
b - Searing Ray           Conj           100%       3d7       1%          2
c - Fulminant Prism       Conj/Hex       30%        3d16      1%          4
d - Iskenderun's Mystic   Conj/Tloc      59%        2d12      1%          4
e - Sandblast             Erth           16%        2d6       8%          1

Your spell library contained the following spells:

 Spells                   Type           Power      Damage    Failure   Level
 Apportation              Tloc           86%        N/A       1%          1
 Shock                    Conj/Air       100%       1d9       1%          1
 Slow                     Hex            47%        N/A       1%          2
 Confusing Touch          Hex            47%        N/A       1%          3
 Dazzling Flash           Conj/Hex       100%       N/A       1%          3
 Passage of Golubria      Tloc           N/A        N/A       6%          4
 Beastly Appendage        Tmut           16%        N/A       8%          1
 Wereblood                Tmut           8%         N/A       12%         2
 Spider Form              Tmut/Pois      4%         N/A       22%         3
 Swiftness                Air            8%         N/A       22%         3
 Vampiric Draining        Necr           4%         2d6       22%         3
 Silence                  Hex/Air        14%        N/A       45%         5
 Airstrike                Air            4%         N/A       58%         4
 Invisibility             Hex            23%        N/A       58%         6
 Alistair's Intoxication  Tmut/Pois      5%         N/A       91%         5
 Lehudib's Crystal Spear  Conj/Erth      22%        10d6      100%        8


Dungeon Overview and Level Annotations

Branches:
Dungeon (11/15)            Temple (1/1) D:4            Lair (0/6) D:11
    Orc (0/2) D:11

Altars:
Ashenzari
Cheibriados
Dithmenos
Elyvilon
Fedhas
Gozag
Hepliaklqana
Kikubaaqudgha
Makhleb
Nemelex Xobeh
Okawaru
Qazlal
Ru
Sif Muna
Trog
Uskayaw
Vehumet
Wu Jian
Xom
Yredelemnul
Zin
The Shining One

Shops:
D:3 =   D:7 [   D:8 (


Message History

You feel your power returning.
Found 22 arrows.
A boulder beetle is nearby!
Casting: Magic Dart (safe; 1% risk of failure)
Confirm with . or Enter, or press ? or * to list all spells.
Aiming: Fulminant Prism (dangerous; 1% risk of failure)
Press: ? - help, Dir - move target You conjure a prism of explosive energy!
A fulminant prism comes into view.
Your fulminant prism crackles loudly.
Your fulminant prism explodes!
You hear a loud, deep croak!
Casting: Fulminant Prism (dangerous; 1% risk of failure)
Confirm with . or Enter, or press ? or * to list all spells.
Aiming: Fulminant Prism (dangerous; 1% risk of failure)
Press: ? - help, Dir - move target You conjure a prism of explosive energy!
A fulminant prism comes into view.
Your fulminant prism crackles loudly.
The boulder beetle curls into a ball and begins rolling!
Your fulminant prism explodes!
The blast of energy engulfs the boulder beetle.
The boulder beetle is lightly wounded.
The blast of energy engulfs you!
Unknown command.
Casting: Fulminant Prism (dangerous; 1% risk of failure)
Confirm with . or Enter, or press ? or * to list all spells.
You erupt in a blast of force!
The mystic blast hits the boulder beetle!
The boulder beetle is moderately wounded.
Unknown command.
Casting: Iskenderun's Mystic Blast (dangerous; 1% risk of failure)
Confirm with . or Enter, or press ? or * to list all spells.
You erupt in a blast of force!
The mystic blast hits the boulder beetle!
The boulder beetle is heavily wounded.
The boulder beetle is knocked back by the mystic blast.
The boulder beetle hits you!!!
Ouch! That really hurt!
You die...

.........[###....... .
#..#..###........... .. #
#..#..# #..#....... ...#.
###.....## #.###..#...
.....##........# #.#...##>..
.............#.###...#.##...
..........(..#.#....##.#####
...###......#.#...###..
#..○B@......## ####
##......<....#######
#....#........†....####
#.######...####.#...... ....
#...# #........ .......
#...# ##....... #.........
#...# ##...... #..........
##### #...... #.(........#
#......


You could see a boulder beetle (rolling).

Vanquished Creatures
  Gastronok (D:9)
  A two-headed ogre (D:11)
  A tengu warrior (D:9)
  2 unseen horrors (D:10)
  2 kobold demonologists (D:10)
  A hornet (D:7)
  2 trolls
  A shadow (D:10)
  A wraith (D:11)
  A wyvern (D:9)
  6 vampire mosquitoes
  A steam dragon (D:9)
  3 acid dragons
  2 water moccasins (D:5)
  4 orc warriors
  A sky beast (D:6)
  A necrophage (D:4)
  An ogre (D:5)
  A centaur (D:9)
  A wolf (D:11)
  Blork the orc (D:5)
  A kobold brigand (D:10)
  3 bullfrogs
  2 gnoll sergeants
  A water moccasin zombie (D:5)
  2 scorpions
  A wyvern skeleton (D:7)
  6 killer bees (D:9)
  4 wights (D:7)
  2 howler monkeys (D:8)
  4 centaur zombies
  A bullfrog zombie (D:5)
  A jelly (D:4)
  5 hounds
  2 orc priests
  Crazy Yiuf (D:3)
  A bullfrog skeleton (D:6)
  A gnoll shaman (D:5)
  2 centaur skeletons (D:7)
  12 orc wizards
  A hound zombie (D:5)
  A howler monkey zombie (D:8)
  A howler monkey skeleton (D:6)
  15 gnolls
  5 adders
  A shadow imp (D:5)
  2 adder skeletons
  5 worms
  A dart slug (D:2)
  21 orcs
  8 bats
  5 endoplasms
  2 giant cockroaches
  7 goblins
  8 hobgoblins
  10 jackals
  A quokka (D:3)
  4 ball pythons
  A frilled lizard (D:3)
  9 kobolds
  A quokka skeleton (D:4)
  3 rats
199 creatures vanquished.

Vanquished Creatures (others)
  25 fulminant prisms
  A fungus (D:3)
26 creatures vanquished.

Grand Total: 225 creatures vanquished

Notes
Turn   | Place    | Note
-------+----------+-------------------------------------------
     0 | D:1      | bnorton916 the Deep Elf Conjurer began the quest for the
                  | Orb.
     0 | D:1      | Reached XP level 1. HP: 10/10 MP: 6/6
   160 | D:1      | Reached XP level 2. HP: 15/15 MP: 5/8
   500 | D:2      | Learned a level 2 spell: Searing Ray
   507 | D:1      | Reached skill level 5 in Conjurations
   507 | D:1      | Reached XP level 3. HP: 13/19 MP: 5/10
  1537 | D:2      | Reached XP level 4. HP: 17/24 MP: 3/12
  2170 | D:3      | Reached skill level 5 in Spellcasting
  2384 | D:3      | Found Rastrawn's Jewellery Emporium.
  2404 | D:3      | Reached XP level 5. HP: 22/28 MP: 4/14
  2529 | D:3      | Found a sparkling altar of Nemelex Xobeh.
  2539 | D:3      | Reached skill level 6 in Conjurations
  2725 | D:3      | Learned a level 4 spell: Fulminant Prism
  2733 | D:3      | Learned a level 4 spell: Iskenderun's Mystic Blast
  3196 | D:3      | Reached skill level 1 in Hexes
  3460 | D:3      | Found a runed translucent door.
  3461 | D:3      | Noticed Crazy Yiuf
  3467 | D:3      | Killed Crazy Yiuf
  3468 | D:3      | Reached skill level 1 in Translocations
  3721 | D:4      | Reached XP level 6. HP: 23/32 MP: 9/16
  4390 | D:4      | Found a staircase to the Ecumenical Temple.
  4400 | Temple   | Entered the Ecumenical Temple
  4407 | Temple   | Became a worshipper of Vehumet
  4784 | D:4      | Reached skill level 1 in Armour
  4876 | D:5      | Entered Level 5 of the Dungeon
  4882 | D:5      | Noticed a water moccasin
  4883 | D:5      | Noticed Blork the orc
  4884 | D:5      | Killed a water moccasin
  4885 | D:5      | Reached XP level 7. HP: 36/36 MP: 8/17
  4889 | D:5      | Killed Blork the orc
  5212 | D:5      | Reached skill level 5 in Hexes
  5604 | D:5      | Identified the +5 rapier of Destiny {speed, rF+ Str+4
                  | Stlth+}
  5644 | D:5      | Identified the +0 pair of boots "Momoit" {Dex+2}
  5647 | D:5      | Found a snail-covered altar of Cheibriados.
  5709 | D:5      | Found a shimmering blue altar of Sif Muna.
  5739 | D:5      | Reached XP level 8. HP: 41/41 MP: 10/18
  6759 | D:6      | Reached skill level 5 in Translocations
  7529 | D:7      | Found Eppawyf's Antique Armour Shop.
  7532 | D:7      | Bought a runed helmet for 210 gold pieces
  7794 | D:7      | Reached * piety under Vehumet
  7794 | D:7      | Offered knowledge of Shock by Vehumet.
  7802 | D:7      | Reached skill level 7 in Conjurations
  7976 | D:7      | Noticed a boulder beetle
  8108 | D:8      | Reached skill level 8 in Conjurations
  8108 | D:8      | Reached XP level 9. HP: 34/45 MP: 3/19
  8667 | D:8      | Found Huust's Weapon Shop.
  8777 | D:9      | Noticed a tengu warrior
  8780 | D:9      | Reached skill level 9 in Conjurations
  8793 | D:9      | Killed a tengu warrior
  8794 | D:9      | Reached skill level 5 in Armour
  8932 | D:9      | Reached skill level 10 in Conjurations
  9184 | D:9      | Noticed Gastronok
  9464 | D:9      | Killed Gastronok
  9465 | D:9      | Reached skill level 11 in Conjurations
  9465 | D:9      | Reached XP level 10. HP: 25/50 MP: 1/20
  9994 | D:9      | HP: 2/50 [poisoned by a killer bee]
 11405 | D:10     | Entered Level 10 of the Dungeon
 11932 | D:10     | Offered knowledge of Sandblast by Vehumet.
 11935 | D:10     | Reached skill level 12 in Conjurations
 11937 | D:10     | Reached ** piety under Vehumet
 12490 | D:10     | Reached XP level 11. HP: 43/54 MP: 5/21
 12779 | D:10     | Found a glowing silver altar of Zin.
 12780 | D:10     | Found a hide-covered altar of Uskayaw.
 12782 | D:10     | Found a shimmering altar of Xom.
 12783 | D:10     | Found an opulent altar of Gozag.
 12839 | D:11     | Noticed a two-headed ogre
 12848 | D:11     | Killed a two-headed ogre
 13721 | D:11     | Noticed a boulder beetle
 14002 | D:10     | Learned a level 1 spell: Sandblast
 14154 | D:7      | Demolished by a boulder beetle

Illustrated notes

Levels and vault maps discovered:
D:1:      sevenhm_arrival_forest_fort_small_6, layout_rooms
D:2:      layout_basic
D:3:      layout_loops_ring, mainiacjoe_overflow_small_starburst, serial_rivers,
          chequers_serial_rivers_marsh, chequers_serial_rivers_large_b,
          chequers_serial_rivers_micro_c, chequers_serial_rivers_micro_d,
          chequers_serial_rivers_small_3, serial_shops, shop,
          grunt_ministairs_12, uniq_crazy_yiuf_cottage
D:4:      layout_loops_ring, minmay_temple_entry_antechambers
D:5:      layout_basic, grunt_temple_overflow_open, st_stairs_5,
          hangedman_decor_opposing, uniq_blork_the_orc
D:6:      layout_gridville
D:7:      layout_rooms, serial_shops, nicolae_stop_n_shop_1
D:8:      layout_cave_pools, serial_shops, nicolae_square_shop
D:9:      layout_basic, uniq_gastronok
D:10:     layout_rooms, mainiacjoe_overflow_alcove_3
D:11:     layout_basic, erik_lair_island
Temple:   nicolae_temple_no_exploring_needed

Skill      XL: |  1  2  3  4  5  6  7  8  9 10 11 |
---------------+----------------------------------+-----
Spellcasting   | 4 5 |  5.8
Conjurations   | 5 6 8 11 12 | 12.9
Hexes          | 2 4 5 6 |  6.7
Translocations | 1 3 4 6 |  6.0
Armour         | 1 3 4 7 8 |  8.7
Dodging        | 4 |  4.1
Stealth        | |  2.4

Action                   |  1- 3 |  4- 6 |  7- 9 | 10-12 || total
-------------------------+-------+-------+-------+-------++-------
Melee: Unarmed           |       |     5 |     1 |       ||     6
       Rapier            |       |       |    14 |    31 ||    45
 Cast: Magic Dart        |    66 |    82 |    92 |    42 ||   282
       Searing Ray       |     1 |    13 |    30 |    35 ||    79
       Fulminant Prism   |       |     1 |    13 |    11 ||    25
       Iskenderun's Myst |       |       |     5 |    16 ||    21
Evoke: Wand              |       |       |     6 |       ||     6
  Use: Scroll            |       |       |     8 |     6 ||    14
       Potion            |       |       |       |     1 ||     1
Armor: Robe              |     2 |     3 |    41 |       ||    46
       Acid dragon scale |       |       |       |    71 ||    71
Dodge: Dodged            |     4 |    18 |    73 |    62 ||   157
